 Dungeon Sprint DCSS version 0.28.0-53-g5a82cb258f (webtiles) character file.

Game seed: 8650960464908309308

104 bnorton916 the Shield-Bearer (level 5, 0/46 HPs)
             Began as a Formicid Fighter on June 5, 2022.
             Drowned by a water elemental (7 damage)
             ... in the Dungeon (Sprint III: "The Ten Rune Challenge").
             The game lasted 00:01:39 (695 turns).

bnorton916 the Shield-Bearer (Formicid Fighter)      Turns: 695, Time: 00:01:39

Health: 0/46       AC:  9    Str: 23    XL:     5   Next: 7%
Magic:  5/5        EV:  9    Int:  7    God:
Gold:   31         SH:  5    Dex: 10    Spells: 4/4 levels left

rFire   . . .      SeeInvis +   a - +0 long sword
rCold   . . .      Faith    .   c - +0 buckler
rNeg    . . .      Spirit   .   b - +0 scale mail
rPois   .          Reflect  .   (helmet unavailable)
rElec   .          Harm     .   (no cloak)
rCorr   .          Rampage  .   (no gloves)
Will    .....                   (no boots)
Stlth   ..........              (no amulet)
HPRegen 0.00/turn               (no ring)
MPRegen 0.09/turn               (no ring)

@: engulfed (cannot breathe), inhibited regen
A: permanent stasis, dig shafts and tunnels, antennae 3, four strong arms,
iridescent scales 1, sense surroundings 1, inhibited regeneration
a: Dig


You were in the Dungeon.
You visited 1 branch You collected 31 gold pieces.

Inventory:

Hand Weapons
 a - a +0 long sword (weapon)
Armour
 b - a +0 scale mail (worn)
 c - a +0 buckler (worn)
Scrolls
 d - 2 scrolls of torment {unknown}
 h - a scroll of vulnerability {unknown}
 k - 2 scrolls of identify
Potions
 e - a potion of curing
 f - a potion of heal wounds
 g - 3 potions of magic
 i - 2 potions of flight {unknown}
 j - 6 potions of mutation


   Skills:
 + Level 5.9 Fighting
 + Level 4.9 Long Blades
 + Level 5.9 Armour
 - Level 6.5 Shields


You had 4 spell levels left.
You didn't know any spells.
Your spell library was empty.

Dungeon Overview and Level Annotations

Branches:
Dungeon (1/1)

Altars:


Innate Abilities, Weirdness & Mutations

You cannot be hasted, slowed, berserked, paralysed or teleported.
You can dig through walls and to a lower floor.
You have a pair of large antennae on your head. (SInv)
Your four strong arms can wield two-handed weapons with a shield.
You are partially covered in iridescent scales. (AC +2)
You passively map a small area around you.
You do not regenerate when monsters are visible.


Message History

There are no items here.
There are no items here.
There is an open door here.
You start resting.
HP restored.
You start waiting.
Done waiting.
Really quaff the potion of mutation?
You feel extremely strange.
Iridescent scales grow over part of your body.
Your regeneration stops near monsters.
You feel a strange attunement to the structure of the dungeons.
Unknown command.
You open the door.
A water elemental comes into view.
You hit the water elemental.
The water elemental is lightly damaged.
You block the water elemental's attack. The water elemental barely misses you.
You hit the water elemental.
The water elemental is moderately damaged.
The water elemental hits you.
You slash the water elemental!
The water elemental is severely damaged.
You block the water elemental's attack.
You slash the water elemental!
The water elemental is almost destroyed.
The water elemental hits you.
The water elemental engulfs you in water!
You hit the water elemental.
The water elemental is almost destroyed.
Your lungs strain for air!
The water elemental hits you!
You hit the water elemental but do no damage.
The water elemental is almost destroyed.
* * * LOW HITPOINT WARNING * * *
Your lungs strain for air!
You block the water elemental's attack.
You hit the water elemental but do no damage.
The water elemental is almost destroyed.
You die...

▓...#......#####..# _
▓..##.......#..#..#{ *_ ,
▓##.##.
#...#..#..#*#+#+#*
##.##.###..##'#..#......
▓#.####.##....#...'.⌠....
▓.###..#...###÷...#...###
▓#.....##).###....#,⌠.#{
* ###..##...##.....# .#
##†.##...@#......#+ # _
#..###..##E#.....# {{
#..# #..#####....# __*
▓▓▓▓ ▓▓▓▓ ▓▓▓▓▓▓ { { ≈
≈≈* { { { ≈ + { { , , ≈ *
{{ +*


You could see a water elemental.

Vanquished Creatures
  A scorpion (D)
  Jessica (D)
  A human (D)
  3 rats (D)
6 creatures vanquished.

Notes
Turn   | Place    | Note
-------+----------+-------------------------------------------
     0 | D        | bnorton916 the Formicid Fighter began the quest for the
                  | Orb.
     0 | D        | Reached XP level 1. HP: 18/18 MP: 1/1
   170 | D        | Noticed Jessica
   171 | D        | Killed Jessica
   172 | D        | Reached skill level 5 in Shields
   172 | D        | Reached XP level 2. HP: 25/26 MP: 2/2
   172 | D        | Reached XP level 3. HP: 29/31 MP: 3/3
   318 | D        | Noticed a scorpion
   326 | D        | Reached skill level 5 in Fighting
   326 | D        | Reached skill level 5 in Armour
   327 | D        | Killed a scorpion
   328 | D        | Reached skill level 6 in Shields
   328 | D        | Reached XP level 4. HP: 8/40 MP: 4/4
   328 | D        | Reached XP level 5. HP: 9/46 MP: 5/5
   670 | D        | Gained mutation: You are partially covered in iridescent
                  | scales. (AC +2) [potion of mutation]
   670 | D        | Gained mutation: You do not regenerate when monsters are
                  | visible. [potion of mutation]
   670 | D        | Gained mutation: You passively map a small area around you.
                  | [potion of mutation]
   680 | D        | Noticed a water elemental
   695 | D        | Drowned by a water elemental

Illustrated notes

Levels and vault maps discovered:
D:        dungeon_sprint_mu [sprint_mu_entry_cave, sprint_mu_temple_rooms,
          sprint_mu_d1_horrors, sprint_mu_d2_genie, sprint_mu_d3_branching,
          sprint_mu_orc_legion, sprint_mu_elf_gauntlet, sprint_mu_hive_nellie,
          sprint_mu_lair_fedhas, sprint_mu_vaults_butterflies,
          sprint_mu_slime_circle, sprint_mu_shoals_kraken,
          sprint_mu_snake_twists, sprint_mu_blade_basic,
          sprint_mu_crypt_chambers, sprint_mu_tomb_spiral,
          sprint_mu_vestibule_basic, sprint_mu_gehenna_hellfire,
          sprint_mu_dis_giant, sprint_mu_tartarus_statrot,
          sprint_mu_cocytus_islands, sprint_mu_zot1]

Skill      XL: |  1  2  3 |
---------------+----------+-----
Fighting       | 4 5 |  5.9
Long Blades    | 3 4 |  4.9
Armour         | 4 5 |  5.9
Shields        | 5 6 |  6.5

Action                   |  1- 3 |  4- 6 || total
-------------------------+-------+-------++-------
Melee: Long sword        |    16 |     7 ||    23
 Abil: Dig               |     2 |       ||     2
  Use: Potion            |     1 |     1 ||     2
Armor: Scale mail        |     1 |       ||     1
Dodge: Dodged            |     7 |     1 ||     8
Block: Buckler           |     4 |     3 ||     7
